 Dungeon Crawl Stone Soup version 0.29.1-15-g9cfb28693d (webtiles) character file.

Game seed: 1285838410726814996

4 LustLizard the Ducker (level 1, -2/13 HPs)
             Began as a Gnoll Wanderer on Mar 17, 2023.
             Slain by a kobold
             ... wielding a +0 club
              (3 damage)
             ... on level 1 of the Dungeon.
             The game lasted 00:00:51 (408 turns).

LustLizard the Ducker (Gnoll Wanderer)               Turns: 408, Time: 00:00:51

Health: -2/13      AC:  3    Str: 13    XL:     1   Next: 70%
Magic:  4/4        EV: 13    Int: 11    God:
Gold:   0          SH:  0    Dex:  9    Spells: 4/5 levels left

rFire   . . .      SeeInvis .   a - +0 dagger
rCold   . . .      Faith    .   (no shield)
rNeg    . . .      Spirit   .   d - +0 leather armour
rPois   .          Reflect  .   (no helmet)
rElec   .          Harm     .   (no cloak)
rCorr   .          Rampage  .   (no gloves)
Will    .....                   (no boots)
Stlth   +.........              (no amulet)
HPRegen 0.04/turn               (no ring)
MPRegen 0.09/turn               (no ring)

@: no status effects
A: fangs 1, strong nose, distributed training
a: no special abilities


You were on level 1 of the Dungeon.
You visited 1 branch of the dungeon, and saw 1 of its levels.

Inventory:

Hand Weapons
 a - a +0 dagger (weapon)
Missiles
 b - 2 throwing nets (quivered)
 c - 9 poisoned darts
Armour
 d - a +0 leather armour (worn)
Scrolls
 f - a scroll of teleportation {unknown}
Potions
 e - a potion of brilliance


   Skills:
 + Level 0.1 Fighting
 + Level 0.1 Short Blades
 + Level 0.1 Long Blades
 + Level 0.1 Axes
 + Level 0.1 Maces & Flails
 + Level 0.1 Polearms
 + Level 0.1 Staves
 + Level 0.1 Ranged Weapons
 + Level 4.4 Throwing
 + Level 0.1 Armour
 + Level 6.4 Dodging
 + Level 2.2 Stealth
 + Level 0.1 Shields
 + Level 0.1 Unarmed Combat
 + Level 2.6 Spellcasting
 + Level 0.1 Conjurations
 + Level 0.1 Hexes
 + Level 3.6 Summonings
 + Level 0.1 Necromancy
 + Level 0.1 Translocations
 + Level 0.1 Transmutations
 + Level 0.1 Fire Magic
 + Level 0.1 Ice Magic
 + Level 0.1 Air Magic
 + Level 0.1 Earth Magic
 + Level 0.1 Poison Magic
 + Level 2.4 Invocations
 + Level 0.1 Evocations


You had 4 spell levels left.
You knew the following spells:

 Your Spells              Type           Power      Damage    Failure   Level
a - Summon Small Mammal   Summ           36%        N/A       8%          1

Your spell library contained the following spells:

 Spells                   Type           Power      Damage    Failure   Level
 Call Canine Familiar     Summ           9%         N/A       24%         3


Dungeon Overview and Level Annotations

Branches:
Dungeon (1/15)

Altars:


Innate Abilities, Weirdness & Mutations

You have very sharp teeth.
Your uncanny sense of smell can sniff out nearby items.
Your experience applies equally to all skills.


Message History

The kobold is moderately wounded.
The goblin barely misses you. The kobold hits you with a +0 club.
You closely miss the kobold.
The kobold is moderately wounded.
The goblin hits you but does no damage. The kobold hits you with a +0 club.
You are too injured to fight recklessly!
You are too injured to fight recklessly!
You are too injured to fight recklessly!
You are too injured to fight recklessly!
You are too injured to fight recklessly!
You are too injured to fight recklessly!
You are too injured to fight recklessly!
You hit the kobold but do no damage. You bite the kobold, but do no damage.
The kobold is moderately wounded.
The goblin hits you but does no damage. The kobold hits you with a +0 club.
* * * LOW HITPOINT WARNING * * *
You closely miss the kobold. You bite the kobold, but do no damage.
The kobold is moderately wounded.
The goblin misses you. The kobold hits you but does no damage.
You hit the kobold but do no damage.
The kobold is moderately wounded.
The goblin barely misses you. The kobold barely misses you.
You barely miss the kobold.
The kobold is moderately wounded.
The goblin hits you but does no damage. The kobold barely misses you.
You barely miss the kobold.
The kobold is moderately wounded.
You barely miss the kobold. Your bite misses the kobold.
The kobold is moderately wounded.
The goblin closely misses you. The kobold barely misses you.
You hit the kobold.
The kobold is severely wounded.
The goblin closely misses you. The kobold barely misses you.
You hit the kobold but do no damage.
The kobold is severely wounded.
The goblin barely misses you. The kobold closely misses you.
You hit the kobold but do no damage.
The kobold is severely wounded.
The goblin barely misses you. The kobold hits you with a +0 club.
You die...

.........# ...........
.......$.# ...........
.........##.............
....... #.............
...... #.............
#...# #.......[.....
#.g.# #......#......
#.K@###......#......
#...................
#..=................
#...............#...
........#.........#...
#.......+.........+...
#.......#.........#...
#.##.......รท..........
......................


You could see a goblin and a kobold.

Vanquished Creatures
  A bat (D:1)
  An endoplasm (D:1)
  A goblin (D:1)
  A ball python (D:1)
4 creatures vanquished.

Notes
Turn   | Place    | Note
-------+----------+-------------------------------------------
     0 | D:1      | LustLizard the Gnoll Wanderer began the quest for the Orb.
     0 | D:1      | LustLizard set off with the following items: a +0 dagger, 2
                  | throwing nets, 9 poisoned darts, a +0 leather armour, a
                  | potion of brilliance; and the following spell memorised:
                  | Summon Small Mammal; and the following spells available to
                  | memorise: Call Canine Familiar.
     0 | D:1      | Reached XP level 1. HP: 13/13 MP: 4/4
   408 | D:1      | Slain by a kobold

Illustrated notes

Levels and vault maps discovered:
D:1:      psy_arrival_basics, layout_basic, minmay_strange_pillars,
          minmay_tree_intersection, minmay_misc_feat_roman,
          serial_park_tiny_pond

Action                   || total
-------------------------++-------
Melee: Dagger            ||    42
       Bite              ||     4
       Punch             ||     1
Armor: Leather armour    ||    18
Dodge: Dodged            ||    49
